Canadiens vs Flyers (R1)

Created - April 28, 2020 at 19:01

Goals
1 2 3 T
Canadiens 0 1 0 1
Flyers 1 2 3 6
Shots
1 2 3 T
Canadiens 11 14 18 43
Flyers 8 12 14 34

1st period

1. Flyers , J.T. Miller 22 (Jordan Nolan 30, Jakub Voracek 40) at 7:56

Penalties :
Greg Stewart (Mon) for Charging (Minor) at 0:45, Brian Lashoff (Phi) for Hooking (Minor) at 10:57, Matt Smaby (Phi) for Delaying the game (Minor) at 11:43

2nd period

2. Flyers , Jordan Nolan 18 (J.T. Miller 33) at 0:49 (PP)
3. Flyers , Jeff Carter 29 (Jakub Voracek 41, Drew Miller 40) at 14:45
4. Canadiens , Steve Downie 18 (Frans Nielsen 36, Greg Stewart 24) at 19:58

Penalties :
Mark Stuart (Mon) for Hooking (Minor) at 0:09, Jeff Woywitka (Phi) for Interference (Minor) at 14:56

3rd period

5. Flyers , Jakub Voracek 30 (Matt Smaby 24, Jeff Carter 55) at 5:45 (PP)
6. Flyers , Jordan Nolan 19 (Jonathan Ericsson 32, Jeff Woywitka 23) at 9:22 (SH)
7. Flyers , Matt Smaby 4 (Mats Zuccarello 34, Oliver Ekman-Larsson 24) at 11:18

Penalties :
Vitaly Vishnevsky (Mon) for Slashing (Minor) at 5:33, Matt Smaby (Phi) for Charging (Minor) at 7:18, Drew Miller (Phi) for Tripping (Minor) at 8:24, Brian Lashoff (Phi) for Fighting (Major) at 11:56, Henrik Sedin (Mon) for Fighting (Major) at 11:56, Dustin Boyd (Mon) for Boarding (Minor) at 16:51, Frans Nielsen (Mon) for Roughing (Minor) at 19:52

Goalie Stats

Allen York (Mon), 28 saves from 34 shots - (0.824), L, 7-4-2, 60:00 minutes
Cam Ward (Phi), 42 saves from 43 shots - (0.977), W, 4-4-2, 60:00 minutes

Players Stats for Canadiens

Player Name              G  A  P  +/- PIM S  H  SB GA TA FO     MP     PP MP  PK MP  
------------------------------------------------------------------------------------
Benoit Pouliot           0  0  0  -2  0   3  1  1  1  0  2/3    22:09   4:47   1:51 
Brett Maclean            0  0  0  -1  0   2  2  0  0  0  0/0    11:58   0:02   0:00 
Bryce Lampman            0  0  0  -1  0   1  0  3  0  1  0/0    18:04   2:39   0:14 
Colton Parayko           0  0  0  -2  0   2  6  1  0  0  0/0    27:58   5:10   2:02 
Corey Perry              0  0  0  -2  0   5  3  0  0  1  1/3    23:37   4:43   2:54 
Dustin Boyd              0  0  0   0  2   0  1  0  1  0  3/7     9:37   0:06   0:07 
Enver Lisin              0  0  0  -1  0   2  0  0  0  0  0/0    11:58   0:06   0:00 
Frans Nielsen            0  1  1   0  2   4  3  0  0  0  8/17   17:23   3:00   1:40 
Greg Stewart             0  1  1   0  2   2  1  0  0  0  0/0    16:05   3:00   0:22 
Henrik Sedin             0  0  0  -2  5   4  1  1  1  0  16/29  21:31   4:43   3:03 
Mark Stuart              0  0  0  -1  2   2  1  1  0  0  0/0    24:15   0:00   2:41 
Nikolai Zherdev          0  0  0   0  0   1  0  0  0  0  0/0     6:38   0:00   0:00 
Pierre-Marc Bouchard     0  0  0  -1  0   5  1  0  0  0  3/8    12:08   0:00   0:16 
Raphael Diaz             0  0  0  -1  0   2  1  1  1  0  0/0    17:50   2:39   0:00 
Shaone Morrisonn         0  0  0   0  0   1  0  0  1  1  0/0    14:38   0:00   3:21 
Steve Downie             1  0  1   0  0   3  0  0  0  0  0/0    15:36   3:00   0:00 
Viktor Stalberg          0  0  0   0  0   2  0  0  0  0  0/0     6:38   0:00   0:00 
Vitaly Vishnevsky        0  0  0  -1  2   2  1  0  0  1  0/0    17:13   5:10   1:36 

Players Stats for Flyers

Player Name              G  A  P  +/- PIM S  H  SB GA TA FO     MP     PP MP  PK MP  
------------------------------------------------------------------------------------
Brian Lashoff            0  0  0   0  7   0  1  0  0  0  0/0    10:02   0:00   0:12 
Brock Nelson             0  0  0   0  0   0  0  0  0  0  0/0     7:08   0:00   0:00 
Chris Mcallister         0  0  0   1  0   2  3  0  0  0  0/1    10:17   0:00   0:00 
Drew Miller              0  1  1   0  2   1  1  1  0  0  0/2    21:36   2:50   1:36 
J.T. Miller              1  1  2   1  0   5  0  0  0  1  0/0    14:47   2:07   0:01 
Jakub Voracek            1  2  3   0  0   3  1  2  0  0  1/2    21:27   2:50   2:04 
Jeff Carter              1  1  2   0  0   1  1  0  0  1  17/34  24:33   2:50   4:38 
Jeff Woywitka            0  1  1   1  2   1  2  0  0  1  0/0    19:19   2:06   2:15 
Jonathan Ericsson        0  1  1   1  0   0  1  3  0  0  0/0    20:24   2:06   3:06 
Jordan Nolan             2  1  3   2  0   2  2  0  0  0  10/21  19:14   2:07   4:03 
Marcus Kruger            0  0  0   1  0   3  0  0  0  0  5/5    10:17   0:00   0:00 
Mats Zuccarello          0  1  1   1  0   3  0  0  2  0  0/0    10:17   0:00   0:00 
Matt Smaby               1  1  2   3  4   7  2  2  0  1  0/0    27:29   2:51   2:28 
Matthew Lombardi         0  0  0   0  0   1  1  0  0  0  1/2     8:12   0:00   0:52 
Nathan Beaulieu          0  0  0   0  0   1  1  1  0  1  0/0    14:04   0:00   3:13 
Oliver Ekman-Larsson     0  1  1   2  0   1  2  1  2  0  0/0    29:11   2:51   4:40 
Ryan Callahan            0  0  0   1  0   1  2  0  0  0  0/0    14:34   2:07   0:00 
Tomas Kubalik            0  0  0   0  0   2  0  0  0  0  0/0     7:08   0:00   0:00 

3 Stars

1 - Cam Ward (Phi)
2 - Jordan Nolan (Phi)
3 - Jakub Voracek (Phi)

Power Play

Canadiens - 0 on 5 Attempt(s) - 0.00%
Flyers - 2 on 5 Attempt(s) - 40.00%

Penalty Kill

Canadiens - 3 on 5 Attempt(s) - 60.00% - Score 0 goal in Penalty Kill
Flyers - 5 on 5 Attempt(s) - 100.00% - Score 1 goal in Penalty Kill

Team Stat

Canadiens - Hits : 22 - Faceoff Wins : 33 - Blocked Shots : 8 - Penalty Minutes : 15
Flyers - Hits : 20 - Faceoff Wins : 34 - Blocked Shots : 10 - Penalty Minutes : 15

Official

Referees : Unknown
Linesman : Unknown

Game Notes

Brian Lashoff and Henrik Sedin fight to a draw at 11:56 of 3rd period

Finance

Level 1 -- Attendance: 5991 (99.85%) -- Ticket Income $629,055
Level 2 -- Attendance: 3584 (71.68%) -- Ticket Income $250,880
Level 3 -- Attendance: 1630 (81.50%) -- Ticket Income $73,350
Level 4 -- Attendance: 3107 (77.68%) -- Ticket Income $93,210
Luxury Box -- Attendance: 930 (93.00%) -- Ticket Income $167,400
Game was played at the Wells Fargo Center.
Total Attendance: 15242 (84.68%)
Total Ticket Income: $1,213,895
Other Income: $182,084
Total Income: $1,395,979

Canadiens

5 vs 5 Forward 
   Center                   Left Wing                Right Wing               Time % Phy DF OF 
 1 Henrik Sedin             Benoit Pouliot           Corey Perry              40     0   1  4  
 2 Frans Nielsen            Greg Stewart             Steve Downie             30     0   1  4  
 3 Pierre-Marc Bouchard     Brett Maclean            Enver Lisin              20     1   2  2  
 4 Dustin Boyd              Viktor Stalberg          Nikolai Zherdev          10     1   2  2  

5 vs 5 Defense 
   Defense                  Defense                                           Time % Phy DF OF 
 1 Colton Parayko           Mark Stuart                                       40     0   2  3  
 2 Raphael Diaz             Bryce Lampman                                     30     0   2  3  
 3 Vitaly Vishnevsky        Shaone Morrisonn                                  20     0   3  2  
 4 Mark Stuart              Colton Parayko                                    10     1   2  2  

PowerPlay Forward 
   Center                   Left Wing                Right Wing               Time % Phy DF OF 
 1 Henrik Sedin             Benoit Pouliot           Corey Perry              60     0   0  5  
 2 Frans Nielsen            Greg Stewart             Steve Downie             40     0   0  5  

PowerPlay Defense
   Defense                  Defense                                           Time % Phy DF OF 
 1 Colton Parayko           Vitaly Vishnevsky                                 60     0   1  4  
 2 Bryce Lampman            Raphael Diaz                                      40     0   1  4  

Penalty Kill 4 Players Forward 
   Center                   Wing                     Time % Phy DF OF 
 1 Corey Perry              Henrik Sedin             60     0   5  0  
 2 Benoit Pouliot           Frans Nielsen            40     0   5  0  

Penalty Kill 4 Players Defense
   Defense                  Defense                  Time % Phy DF OF 
 1 Shaone Morrisonn         Mark Stuart              60     0   5  0  
 2 Colton Parayko           Vitaly Vishnevsky        40     0   5  0  

Penalty Kill - 3 Players Forward 
   Forward                                           Time % Phy DF OF 
 1 Corey Perry                                       60     0   5  0  
 2 Henrik Sedin                                      40     0   5  0  

Penalty Kill - 3 Players Defense
   Defense                  Defense                  Time % Phy DF OF 
 1 Mark Stuart              Vitaly Vishnevsky        60     1   4  0  
 2 Colton Parayko           Shaone Morrisonn         40     1   4  0  

4 vs 4 Forward 
   Center                   Wing                     Time % Phy DF OF 
 1 Corey Perry              Henrik Sedin             60     0   2  3  
 2 Benoit Pouliot           Frans Nielsen            40     0   2  3  

4 vs 4 Defense
   Defense                  Defense                  Time % Phy DF OF 
 1 Bryce Lampman            Vitaly Vishnevsky        60     0   2  3  
 2 Colton Parayko           Mark Stuart              40     0   2  3  

Last Minutes Offensive
   Center                   Left Wing                Right Wing               Defense                  Defense                  
   Henrik Sedin             Benoit Pouliot           Corey Perry              Colton Parayko           Bryce Lampman            

Last Minutes Defensive
   Center                   Left Wing                Right Wing               Defense                  Defense                  
   Henrik Sedin             Benoit Pouliot           Corey Perry              Shaone Morrisonn         Mark Stuart              

Goaltenders
Starting : Allen York               
Backup : Henrik Lundqvist         

Extra Forwards
Normal : Henrik Sedin, Benoit Pouliot, Corey Perry - PP : Corey Perry, Benoit Pouliot - PK : Dustin Boyd
Extra Defensemen
Normal : Raphael Diaz, Colton Parayko, Vitaly Vishnevsky - PP : Bryce Lampman - PK : Mark Stuart, Colton Parayko
Penalty Shots
Corey Perry, Henrik Sedin, Benoit Pouliot, Frans Nielsen, Greg Stewart

Scratches
None

Flyers

5 vs 5 Forward 
   Center                   Left Wing                Right Wing               Time % Phy DF OF 
 1 Jeff Carter              Drew Miller              Jakub Voracek            40     1   2  2  
 2 Jordan Nolan             J.T. Miller              Ryan Callahan            30     1   2  2  
 3 Marcus Kruger            Chris Mcallister         Mats Zuccarello          20     1   2  2  
 4 Matthew Lombardi         Brock Nelson             Tomas Kubalik            10     1   2  2  

5 vs 5 Defense 
   Defense                  Defense                                           Time % Phy DF OF 
 1 Oliver Ekman-Larsson     Matt Smaby                                        40     1   2  2  
 2 Jonathan Ericsson        Jeff Woywitka                                     30     1   2  2  
 3 Brian Lashoff            Nathan Beaulieu                                   20     1   2  2  
 4 Oliver Ekman-Larsson     Matt Smaby                                        10     1   2  2  

PowerPlay Forward 
   Center                   Left Wing                Right Wing               Time % Phy DF OF 
 1 Jeff Carter              Drew Miller              Jakub Voracek            60     1   2  2  
 2 Jordan Nolan             J.T. Miller              Ryan Callahan            40     1   2  2  

PowerPlay Defense
   Defense                  Defense                                           Time % Phy DF OF 
 1 Oliver Ekman-Larsson     Matt Smaby                                        60     1   2  2  
 2 Jonathan Ericsson        Jeff Woywitka                                     40     1   2  2  

Penalty Kill 4 Players Forward 
   Center                   Wing                     Time % Phy DF OF 
 1 Jeff Carter              Jordan Nolan             60     1   2  2  
 2 Jakub Voracek            Drew Miller              40     1   2  2  

Penalty Kill 4 Players Defense
   Defense                  Defense                  Time % Phy DF OF 
 1 Oliver Ekman-Larsson     Matt Smaby               60     1   2  2  
 2 Jonathan Ericsson        Jeff Woywitka            40     1   2  2  

Penalty Kill - 3 Players Forward 
   Forward                                           Time % Phy DF OF 
 1 Jeff Carter                                       60     1   2  2  
 2 Jordan Nolan                                      40     1   2  2  

Penalty Kill - 3 Players Defense
   Defense                  Defense                  Time % Phy DF OF 
 1 Oliver Ekman-Larsson     Matt Smaby               60     1   2  2  
 2 Jonathan Ericsson        Jeff Woywitka            40     1   2  2  

4 vs 4 Forward 
   Center                   Wing                     Time % Phy DF OF 
 1 Jeff Carter              Jordan Nolan             60     1   2  2  
 2 Jakub Voracek            Drew Miller              40     1   2  2  

4 vs 4 Defense
   Defense                  Defense                  Time % Phy DF OF 
 1 Oliver Ekman-Larsson     Matt Smaby               60     1   2  2  
 2 Jonathan Ericsson        Jeff Woywitka            40     1   2  2  

Last Minutes Offensive
   Center                   Left Wing                Right Wing               Defense                  Defense                  
   Jeff Carter              Drew Miller              Jakub Voracek            Oliver Ekman-Larsson     Matt Smaby               

Last Minutes Defensive
   Center                   Left Wing                Right Wing               Defense                  Defense                  
   Jeff Carter              Drew Miller              Jakub Voracek            Oliver Ekman-Larsson     Matt Smaby               

Goaltenders
Starting : Cam Ward                 
Backup : Steve Mason              

Extra Forwards
Normal : Chris Mcallister, Marcus Kruger, Matthew Lombardi - PP : Chris Mcallister, Marcus Kruger - PK : Matthew Lombardi
Extra Defensemen
Normal : Brian Lashoff, Nathan Beaulieu, Jonathan Ericsson - PP : Brian Lashoff - PK : Nathan Beaulieu, Jonathan Ericsson
Penalty Shots
Jeff Carter, Jordan Nolan, Jakub Voracek, Drew Miller, J.T. Miller

Scratches
None


% Time on Ice - Canadiens

Lines # - Real PCT - Wanted PCT - Time Play
Normal Forward
1 - 34% - 40% - 16:00
2 - 27% - 30% - 12:44
3 - 25% - 20% - 11:52
4 - 14% - 10% - 6:38
Normal Defense
1 - 42% - 40% - 19:42
2 - 32% - 30% - 15:11
3 - 22% - 20% - 10:16
4 - 4% - 10% - 2:05
PP Forward
1 - 62% - 60% - 4:49
2 - 38% - 40% - 3:00
PP Defense
1 - 66% - 60% - 5:10
2 - 34% - 40% - 2:39
PK Forward
1 - 82% - 60% - 4:03
2 - 18% - 40% - 0:54
PK Defense
1 - 68% - 60% - 3:21
2 - 32% - 40% - 1:36
PK3 Forward
1 - 0% - 60%
2 - 0% - 40%
PK3 Defense
1 - 0% - 60%
2 - 0% - 40%
44 Forward
1 - 0% - 60%
2 - 0% - 40%
44 Defense
1 - 0% - 60%
2 - 0% - 40%
Last Minute Offensive  - 0:00
Last Minute Defensive  - 0:00
Total
Forward - 60:00
Defense - 60:00

% Time on Ice - Flyers

Lines # - Real PCT - Wanted PCT - Time Play
Normal Forward
1 - 37% - 40% - 17:17
2 - 27% - 30% - 12:32
3 - 22% - 20% - 10:17
4 - 15% - 10% - 7:08
Normal Defense
1 - 41% - 40% - 19:24
2 - 31% - 30% - 14:34
3 - 22% - 20% - 10:34
4 - 6% - 10% - 2:42
PP Forward
1 - 57% - 60% - 2:50
2 - 43% - 40% - 2:07
PP Defense
1 - 58% - 60% - 2:51
2 - 42% - 40% - 2:06
PK Forward
1 - 59% - 60% - 3:22
2 - 41% - 40% - 2:21
PK Defense
1 - 65% - 60% - 3:42
2 - 35% - 40% - 2:01
PK3 Forward
1 - 80% - 60% - 1:41
2 - 20% - 40% - 0:25
PK3 Defense
1 - 46% - 60% - 0:58
2 - 54% - 40% - 1:08
44 Forward
1 - 0% - 60%
2 - 0% - 40%
44 Defense
1 - 0% - 60%
2 - 0% - 40%
Last Minute Offensive  - 0:00
Last Minute Defensive  - 0:00
Total
Forward - 60:00
Defense - 60:00

Play-by-Play

1st period


0:01 of 1st period - Jeff Carter wins face-off versus Henrik Sedin in neutral zone.
0:45 of 1st period - Minor Penalty to Greg Stewart for Charging.
0:46 of 1st period - Jeff Carter wins face-off versus Corey Perry in Canadiens zone.
0:55 of 1st period - Snap shot by Jakub Voracek.
0:55 of 1st period - Shot Misses the Net.
0:57 of 1st period - Slapshot by Oliver Ekman-Larsson.
0:57 of 1st period - Deflect By Corey Perry.
0:57 of 1st period - Stopped by Allen York without a rebound.
0:58 of 1st period - Benoit Pouliot wins face-off versus Jordan Nolan in Canadiens zone.
2:03 of 1st period - Matt Smaby is hit by Mark Stuart and loses puck.
2:33 of 1st period - Mark Stuart is hit by Oliver Ekman-Larsson and loses puck.
2:45 of 1st period - Penalty to Greg Stewart is over, Greg Stewart is back on ice.
2:58 of 1st period - Jonathan Ericsson is hit by Pierre-Marc Bouchard and loses puck.
3:25 of 1st period - Wrist shot by Brock Nelson.
3:25 of 1st period - Deflect By Matthew Lombardi.
3:25 of 1st period - Shot Misses the Net.
3:25 of 1st period - Puck is out of play.
3:26 of 1st period - Pierre-Marc Bouchard wins face-off versus Matthew Lombardi in Canadiens zone.
4:08 of 1st period - Wrist shot by Brock Nelson.
4:08 of 1st period - Shot Blocked by Raphael Diaz.
4:22 of 1st period - Wrist shot by Pierre-Marc Bouchard.
4:22 of 1st period - Stopped by Cam Ward without a rebound.
4:23 of 1st period - Henrik Sedin wins face-off versus Jeff Carter in Flyers zone.
4:24 of 1st period - Snap shot by Benoit Pouliot.
4:24 of 1st period - Shot Misses the Net.
5:15 of 1st period - Mark Stuart is hit by Chris Mcallister and loses puck.
5:44 of 1st period - Shaone Morrisonn is hit by Matt Smaby and loses puck.
6:07 of 1st period - Wrist shot by J.T. Miller.
6:07 of 1st period - Stopped by Allen York with a rebound.
6:31 of 1st period - Wrist shot by Mats Zuccarello.
6:31 of 1st period - Stopped by Allen York without a rebound.
6:32 of 1st period - Marcus Kruger wins face-off versus Henrik Sedin in Canadiens zone.
7:01 of 1st period - Slapshot by Marcus Kruger.
7:01 of 1st period - Stopped by Allen York without a rebound.
7:02 of 1st period - Frans Nielsen wins face-off versus Jeff Carter in Canadiens zone.
7:07 of 1st period - Brian Lashoff is hit by Vitaly Vishnevsky and loses puck.
7:14 of 1st period - Snap shot by Frans Nielsen.
7:14 of 1st period - Stopped by Cam Ward with a rebound.
7:16 of 1st period - Wrist shot by Steve Downie.
7:16 of 1st period - Shot Blocked by Nathan Beaulieu.
7:18 of 1st period - Snap shot by Frans Nielsen.
7:18 of 1st period - Shot Misses the Net.
7:56 of 1st period - Wrist shot by J.T. Miller.
7:56 of 1st period - Goal by J.T. Miller - Canadiens : 0 - Flyers : 1.
7:57 of 1st period - Henrik Sedin wins face-off versus Jordan Nolan in neutral zone.
8:12 of 1st period - Wrist shot by Corey Perry.
8:12 of 1st period - Stopped by Cam Ward without a rebound.
8:13 of 1st period - Jeff Carter wins face-off versus Frans Nielsen in Flyers zone.
8:52 of 1st period - Ryan Callahan is hit by Corey Perry and loses puck.
9:25 of 1st period - Oliver Ekman-Larsson is hit by Raphael Diaz and loses puck.
9:32 of 1st period - Backhand shot by Pierre-Marc Bouchard.
9:32 of 1st period - Stopped by Cam Ward without a rebound.
9:33 of 1st period - Henrik Sedin wins face-off versus Jeff Carter in Flyers zone.
9:34 of 1st period - Snap shot by Benoit Pouliot.
9:34 of 1st period - Stopped by Cam Ward with a rebound.
10:57 of 1st period - Minor Penalty to Brian Lashoff for Hooking.
10:58 of 1st period - Henrik Sedin wins face-off versus Jeff Carter in Flyers zone.
11:04 of 1st period - Wrist shot by Benoit Pouliot.
11:04 of 1st period - Stopped by Cam Ward without a rebound.
11:05 of 1st period - Henrik Sedin wins face-off versus Jeff Carter in Flyers zone.
11:43 of 1st period - Minor Penalty to Matt Smaby for Delaying the game.
11:44 of 1st period - Jeff Carter wins face-off versus Frans Nielsen in Flyers zone.
11:44 of 1st period - Jeff Carter is hit by Colton Parayko.
11:51 of 1st period - Frans Nielsen is hit by Oliver Ekman-Larsson and loses puck.
12:10 of 1st period - Corey Perry is hit by Nathan Beaulieu and loses puck.
12:57 of 1st period - Penalty to Brian Lashoff is over, Brian Lashoff is back on ice.
13:18 of 1st period - Jeff Woywitka is hit by Colton Parayko and loses puck.
13:43 of 1st period - Penalty to Matt Smaby is over, Matt Smaby is back on ice.
13:53 of 1st period - Bryce Lampman is hit by Chris Mcallister and loses puck.
14:12 of 1st period - Brian Lashoff is hit by Brett Maclean and loses puck.
14:40 of 1st period - Vitaly Vishnevsky is hit by Jeff Woywitka and loses puck.
14:49 of 1st period - Snap shot by Tomas Kubalik.
14:49 of 1st period - Stopped by Allen York with a rebound.
14:51 of 1st period - Slapshot by Matthew Lombardi.
14:51 of 1st period - Shot Misses the Net.
15:03 of 1st period - Wrist shot by Steve Downie.
15:03 of 1st period - Shot Misses the Net.
15:05 of 1st period - Slapshot by Frans Nielsen.
15:05 of 1st period - Stopped by Cam Ward without a rebound.
15:06 of 1st period - Jeff Carter wins face-off versus Frans Nielsen in Flyers zone.
15:17 of 1st period - Snap shot by Jakub Voracek.
15:17 of 1st period - Stopped by Allen York with a rebound.
15:19 of 1st period - Snap shot by Drew Miller.
15:19 of 1st period - Stopped by Allen York without a rebound.
15:20 of 1st period - Henrik Sedin wins face-off versus Jordan Nolan in Canadiens zone.
15:33 of 1st period - Snap shot by Jordan Nolan.
15:33 of 1st period - Shot Misses the Net.
16:18 of 1st period - Slapshot by Pierre-Marc Bouchard.
16:18 of 1st period - Stopped by Cam Ward without a rebound.
16:19 of 1st period - Jeff Carter wins face-off versus Henrik Sedin in Flyers zone.
16:50 of 1st period - Slapshot by Drew Miller.
16:50 of 1st period - Shot Misses the Net.
16:53 of 1st period - Icing by Bryce Lampman.
16:54 of 1st period - Jordan Nolan wins face-off versus Pierre-Marc Bouchard in Canadiens zone.
16:55 of 1st period - Snap shot by Ryan Callahan.
16:55 of 1st period - Shot Hit the Post.
17:07 of 1st period - Wrist shot by Pierre-Marc Bouchard.
17:07 of 1st period - Shot Misses the Net.
17:09 of 1st period - Slapshot by Bryce Lampman.
17:09 of 1st period - Stopped by Cam Ward without a rebound.
17:10 of 1st period - Jeff Carter wins face-off versus Henrik Sedin in Flyers zone.
17:17 of 1st period - Wrist shot by Drew Miller.
17:17 of 1st period - Deflect By Jeff Carter.
17:17 of 1st period - Shot Blocked by Colton Parayko.
17:17 of 1st period - Puck is out of play.
17:18 of 1st period - Jeff Carter wins face-off versus Henrik Sedin in Canadiens zone.
17:21 of 1st period - Wrist shot by Drew Miller.
17:21 of 1st period - Shot Misses the Net.
18:13 of 1st period - Backhand shot by Corey Perry.
18:13 of 1st period - Stopped by Cam Ward without a rebound.
18:14 of 1st period - Jordan Nolan wins face-off versus Frans Nielsen in Flyers zone.
18:21 of 1st period - Greg Stewart is hit by Ryan Callahan and loses puck.
18:30 of 1st period - Wrist shot by Frans Nielsen.
18:30 of 1st period - Shot Misses the Net.
18:40 of 1st period - Bryce Lampman is hit by Jonathan Ericsson and loses puck.
18:51 of 1st period - Slapshot by Vitaly Vishnevsky.
18:51 of 1st period - Stopped by Cam Ward without a rebound.
18:52 of 1st period - Jordan Nolan wins face-off versus Frans Nielsen in Flyers zone.
19:20 of 1st period - Off-side.
19:21 of 1st period - Marcus Kruger wins face-off versus Pierre-Marc Bouchard in neutral zone.
19:28 of 1st period - Wrist shot by Mats Zuccarello.
19:28 of 1st period - Shot Misses the Net.
19:42 of 1st period - Snap shot by Mats Zuccarello.
19:42 of 1st period - Shot Misses the Net.
19:44 of 1st period - Slapshot by Jeff Woywitka.
19:44 of 1st period - Deflect By Mats Zuccarello.
19:44 of 1st period - Shot Blocked by Bryce Lampman.
19:44 of 1st period - Puck is out of play.
19:45 of 1st period - Henrik Sedin wins face-off versus Jeff Carter in Canadiens zone.
Goals for this period are 0 for Canadiens vs 1 for Flyers.
Shots for this period are 11 for Canadiens vs 8 for Flyers.

2nd period


0:01 of 2nd period - Henrik Sedin wins face-off versus Drew Miller in neutral zone.
0:09 of 2nd period - Minor Penalty to Mark Stuart for Hooking.
0:10 of 2nd period - Corey Perry wins face-off versus Jeff Carter in Canadiens zone.
0:45 of 2nd period - Snap shot by Jordan Nolan.
0:45 of 2nd period - Shot Misses the Net.
0:47 of 2nd period - Wrist shot by J.T. Miller.
0:47 of 2nd period - Shot Misses the Net.
0:49 of 2nd period - Snap shot by Jordan Nolan.
0:49 of 2nd period - Goal by Jordan Nolan - Canadiens : 0 - Flyers : 2.
0:50 of 2nd period - Frans Nielsen wins face-off versus Jeff Carter in neutral zone.
0:55 of 2nd period - Snap shot by Frans Nielsen.
0:55 of 2nd period - Shot Misses the Net.
0:57 of 2nd period - Slapshot by Colton Parayko.
0:57 of 2nd period - Shot Misses the Net.
0:59 of 2nd period - Slapshot by Mark Stuart.
0:59 of 2nd period - Shot Blocked by Oliver Ekman-Larsson.
1:01 of 2nd period - Slapshot by Colton Parayko.
1:01 of 2nd period - Stopped by Cam Ward with a rebound.
1:03 of 2nd period - Snap shot by Mark Stuart.
1:03 of 2nd period - Deflect By Drew Miller.
1:03 of 2nd period - Stopped by Cam Ward with a rebound.
1:07 of 2nd period - Wrist shot by Frans Nielsen.
1:07 of 2nd period - Shot Blocked by Drew Miller.
1:17 of 2nd period - Benoit Pouliot is hit by Ryan Callahan.
2:07 of 2nd period - Greg Stewart is hit by Matthew Lombardi and loses puck.
2:24 of 2nd period - Snap shot by Enver Lisin.
2:24 of 2nd period - Stopped by Cam Ward with a rebound.
2:30 of 2nd period - Snap shot by Brett Maclean.
2:30 of 2nd period - Shot Misses the Net.
3:25 of 2nd period - Off-side.
3:26 of 2nd period - Matthew Lombardi wins face-off versus Henrik Sedin in neutral zone.
3:53 of 2nd period - Shaone Morrisonn is hit by Matt Smaby and loses puck.
4:42 of 2nd period - Snap shot by Matt Smaby.
4:42 of 2nd period - Stopped by Allen York with a rebound.
5:46 of 2nd period - Icing by Pierre-Marc Bouchard.
5:47 of 2nd period - Jordan Nolan wins face-off versus Pierre-Marc Bouchard in Canadiens zone.
6:22 of 2nd period - Slapshot by Henrik Sedin.
6:22 of 2nd period - Stopped by Cam Ward with a rebound.
6:42 of 2nd period - Wrist shot by Greg Stewart.
6:42 of 2nd period - Stopped by Cam Ward with a rebound.
6:48 of 2nd period - Wrist shot by Frans Nielsen.
6:48 of 2nd period - Stopped by Cam Ward with a rebound.
7:20 of 2nd period - Snap shot by J.T. Miller.
7:20 of 2nd period - Stopped by Allen York without a rebound.
7:21 of 2nd period - Pierre-Marc Bouchard wins face-off versus Jordan Nolan in Canadiens zone.
7:41 of 2nd period - Wrist shot by J.T. Miller.
7:41 of 2nd period - Shot Misses the Net.
7:47 of 2nd period - Oliver Ekman-Larsson is hit by Brett Maclean and loses puck.
8:26 of 2nd period - Snap shot by Enver Lisin.
8:26 of 2nd period - Stopped by Cam Ward without a rebound.
8:27 of 2nd period - Jeff Carter wins face-off versus Henrik Sedin in Flyers zone.
9:16 of 2nd period - Snap shot by Matthew Lombardi.
9:16 of 2nd period - Stopped by Allen York with a rebound.
9:18 of 2nd period - Slapshot by Nathan Beaulieu.
9:18 of 2nd period - Stopped by Allen York with a rebound.
9:20 of 2nd period - Wrist shot by Matthew Lombardi.
9:20 of 2nd period - Shot Misses the Net.
9:24 of 2nd period - Wrist shot by Tomas Kubalik.
9:24 of 2nd period - Stopped by Allen York without a rebound.
9:25 of 2nd period - Henrik Sedin wins face-off versus Jeff Carter in Canadiens zone.
9:34 of 2nd period - Wrist shot by Benoit Pouliot.
9:34 of 2nd period - Shot Blocked by Jakub Voracek.
10:26 of 2nd period - Snap shot by Ryan Callahan.
10:26 of 2nd period - Stopped by Allen York with a rebound.
10:55 of 2nd period - Slapshot by Jakub Voracek.
10:55 of 2nd period - Shot Misses the Net.
11:02 of 2nd period - Icing by Brett Maclean.
11:03 of 2nd period - Pierre-Marc Bouchard wins face-off versus Jeff Carter in Canadiens zone.
11:14 of 2nd period - Snap shot by Jakub Voracek.
11:14 of 2nd period - Shot Blocked by Bryce Lampman.
11:53 of 2nd period - Off-side.
11:54 of 2nd period - Marcus Kruger wins face-off versus Henrik Sedin in neutral zone.
12:33 of 2nd period - Slapshot by Drew Miller.
12:33 of 2nd period - Shot Misses the Net.
13:19 of 2nd period - Snap shot by Corey Perry.
13:19 of 2nd period - Shot Misses the Net.
13:21 of 2nd period - Wrist shot by Corey Perry.
13:21 of 2nd period - Stopped by Cam Ward with a rebound.
13:23 of 2nd period - Slapshot by Colton Parayko.
13:23 of 2nd period - Deflect By Henrik Sedin.
13:23 of 2nd period - Stopped by Cam Ward without a rebound.
13:24 of 2nd period - Henrik Sedin wins face-off versus Jeff Carter in Flyers zone.
13:31 of 2nd period - Wrist shot by Corey Perry.
13:31 of 2nd period - Stopped by Cam Ward without a rebound.
13:32 of 2nd period - Henrik Sedin wins face-off versus Drew Miller in Flyers zone.
14:28 of 2nd period - Icing by Drew Miller.
14:29 of 2nd period - Jakub Voracek wins face-off versus Frans Nielsen in Flyers zone.
14:29 of 2nd period - Jakub Voracek is hit by Greg Stewart.
14:43 of 2nd period - Wrist shot by Jakub Voracek.
14:43 of 2nd period - Shot Blocked by Bryce Lampman.
14:45 of 2nd period - Wrist shot by Jeff Carter.
14:45 of 2nd period - Goal by Jeff Carter - Canadiens : 0 - Flyers : 3.
14:46 of 2nd period - Jordan Nolan wins face-off versus Frans Nielsen in neutral zone.
14:56 of 2nd period - Minor Penalty to Jeff Woywitka for Interference.
14:57 of 2nd period - Henrik Sedin wins face-off versus Jordan Nolan in Flyers zone.
15:00 of 2nd period - Wrist shot by Henrik Sedin.
15:00 of 2nd period - Deflect By Jeff Carter.
15:00 of 2nd period - Shot Misses the Net.
15:00 of 2nd period - Puck is out of play.
15:01 of 2nd period - Jeff Carter wins face-off versus Henrik Sedin in Flyers zone.
15:16 of 2nd period - Snap shot by Henrik Sedin.
15:16 of 2nd period - Stopped by Cam Ward with a rebound.
15:28 of 2nd period - Jordan Nolan is hit by Colton Parayko and loses puck.
15:59 of 2nd period - Snap shot by Benoit Pouliot.
15:59 of 2nd period - Shot Blocked by Jonathan Ericsson.
16:01 of 2nd period - Slapshot by Vitaly Vishnevsky.
16:01 of 2nd period - Deflect By Benoit Pouliot.
16:01 of 2nd period - Shot Blocked by Jakub Voracek.
16:01 of 2nd period - Puck is out of play.
16:02 of 2nd period - Frans Nielsen wins face-off versus Jeff Carter in Flyers zone.
16:17 of 2nd period - Jordan Nolan is hit by Frans Nielsen and loses puck.
16:34 of 2nd period - Frans Nielsen is hit by Drew Miller.
16:56 of 2nd period - Penalty to Jeff Woywitka is over, Jeff Woywitka is back on ice.
16:58 of 2nd period - Benoit Pouliot is hit by Jeff Woywitka and loses puck.
17:05 of 2nd period - Slapshot by Jeff Woywitka.
17:05 of 2nd period - Shot Blocked by Benoit Pouliot.
17:07 of 2nd period - Snap shot by J.T. Miller.
17:07 of 2nd period - Deflect By Corey Perry.
17:07 of 2nd period - Shot Misses the Net.
17:07 of 2nd period - Puck is out of play.
17:08 of 2nd period - Marcus Kruger wins face-off versus Pierre-Marc Bouchard in Canadiens zone.
17:09 of 2nd period - Wrist shot by Mats Zuccarello.
17:09 of 2nd period - Stopped by Allen York with a rebound.
17:11 of 2nd period - Slapshot by Matt Smaby.
17:11 of 2nd period - Stopped by Allen York with a rebound.
17:13 of 2nd period - Snap shot by Chris Mcallister.
17:13 of 2nd period - Stopped by Allen York without a rebound.
17:14 of 2nd period - Marcus Kruger wins face-off versus Pierre-Marc Bouchard in Canadiens zone.
17:25 of 2nd period - Wrist shot by Marcus Kruger.
17:25 of 2nd period - Shot Misses the Net.
17:27 of 2nd period - Snap shot by Marcus Kruger.
17:27 of 2nd period - Stopped by Allen York with a rebound.
17:29 of 2nd period - Snap shot by Mats Zuccarello.
17:29 of 2nd period - Shot Misses the Net.
18:17 of 2nd period - Ryan Callahan is hit by Corey Perry and loses puck.
18:53 of 2nd period - Wrist shot by Frans Nielsen.
18:53 of 2nd period - Stopped by Cam Ward without a rebound.
18:54 of 2nd period - Frans Nielsen wins face-off versus Jeff Carter in Flyers zone.
19:03 of 2nd period - Slapshot by Greg Stewart.
19:03 of 2nd period - Shot Misses the Net.
19:07 of 2nd period - Wrist shot by Frans Nielsen.
19:07 of 2nd period - Shot Misses the Net.
19:09 of 2nd period - Slapshot by Shaone Morrisonn.
19:09 of 2nd period - Stopped by Cam Ward with a rebound.
19:49 of 2nd period - Jeff Carter is hit by Colton Parayko and loses puck.
19:58 of 2nd period - Snap shot by Frans Nielsen.
19:58 of 2nd period - Deflect By Steve Downie.
19:58 of 2nd period - Goal by Steve Downie - Canadiens : 1 - Flyers : 3.
19:59 of 2nd period - Henrik Sedin wins face-off versus Jordan Nolan in neutral zone.
Goals for this period are 1 for Canadiens vs 2 for Flyers.
Shots for this period are 14 for Canadiens vs 12 for Flyers.

3rd period


0:01 of 3rd period - Jordan Nolan wins face-off versus Henrik Sedin in neutral zone.
0:26 of 3rd period - Jeff Carter is hit by Frans Nielsen.
1:06 of 3rd period - Slapshot by Jeff Woywitka.
1:06 of 3rd period - Shot Misses the Net.
1:14 of 3rd period - Snap shot by Viktor Stalberg.
1:14 of 3rd period - Stopped by Cam Ward with a rebound.
1:16 of 3rd period - Wrist shot by Viktor Stalberg.
1:16 of 3rd period - Stopped by Cam Ward with a rebound.
1:38 of 3rd period - Slapshot by J.T. Miller.
1:38 of 3rd period - Stopped by Allen York with a rebound.
1:52 of 3rd period - Snap shot by Jakub Voracek.
1:52 of 3rd period - Shot Blocked by Henrik Sedin.
1:58 of 3rd period - Slapshot by Vitaly Vishnevsky.
1:58 of 3rd period - Stopped by Cam Ward with a rebound.
2:00 of 3rd period - Wrist shot by Corey Perry.
2:00 of 3rd period - Deflect By Benoit Pouliot.
2:00 of 3rd period - Shot Misses the Net.
2:00 of 3rd period - Puck is out of play.
2:01 of 3rd period - Frans Nielsen wins face-off versus Jordan Nolan in Flyers zone.
2:41 of 3rd period - Pierre-Marc Bouchard is hit by Jakub Voracek and loses puck.
3:02 of 3rd period - Wrist shot by Chris Mcallister.
3:02 of 3rd period - Stopped by Allen York with a rebound.
4:04 of 3rd period - Icing by Viktor Stalberg.
4:05 of 3rd period - Dustin Boyd wins face-off versus Jeff Carter in Canadiens zone.
4:22 of 3rd period - Snap shot by Dustin Boyd.
4:22 of 3rd period - Shot Misses the Net.
4:24 of 3rd period - Slapshot by Raphael Diaz.
4:24 of 3rd period - Stopped by Cam Ward with a rebound.
4:26 of 3rd period - Snap shot by Nikolai Zherdev.
4:26 of 3rd period - Stopped by Cam Ward without a rebound.
4:27 of 3rd period - Jordan Nolan wins face-off versus Henrik Sedin in Flyers zone.
5:01 of 3rd period - Slapshot by Greg Stewart.
5:01 of 3rd period - Stopped by Cam Ward with a rebound.
5:03 of 3rd period - Snap shot by Frans Nielsen.
5:03 of 3rd period - Shot Blocked by Jonathan Ericsson.
5:33 of 3rd period - Minor Penalty to Vitaly Vishnevsky for Slashing.
5:34 of 3rd period - Jeff Carter wins face-off versus Corey Perry in Canadiens zone.
5:37 of 3rd period - Snap shot by Jeff Carter.
5:37 of 3rd period - Shot Misses the Net.
5:39 of 3rd period - Slapshot by Jakub Voracek.
5:39 of 3rd period - Shot Misses the Net.
5:43 of 3rd period - Wrist shot by Jakub Voracek.
5:43 of 3rd period - Stopped by Allen York with a rebound.
5:45 of 3rd period - Snap shot by Matt Smaby.
5:45 of 3rd period - Deflect By Jakub Voracek.
5:45 of 3rd period - Goal by Jakub Voracek - Canadiens : 1 - Flyers : 4.
5:46 of 3rd period - Jeff Carter wins face-off versus Henrik Sedin in neutral zone.
6:27 of 3rd period - Snap shot by Henrik Sedin.
6:27 of 3rd period - Deflect By Benoit Pouliot.
6:27 of 3rd period - Stopped by Cam Ward with a rebound.
6:29 of 3rd period - Wrist shot by Corey Perry.
6:29 of 3rd period - Stopped by Cam Ward without a rebound.
6:30 of 3rd period - Jordan Nolan wins face-off versus Frans Nielsen in Flyers zone.
6:30 of 3rd period - Jordan Nolan is hit by Frans Nielsen.
6:41 of 3rd period - Snap shot by Jordan Nolan.
6:41 of 3rd period - Shot Misses the Net.
6:43 of 3rd period - Snap shot by Jeff Woywitka.
6:43 of 3rd period - Stopped by Allen York without a rebound.
6:44 of 3rd period - Frans Nielsen wins face-off versus Jordan Nolan in Canadiens zone.
6:51 of 3rd period - Slapshot by Mark Stuart.
6:51 of 3rd period - Stopped by Cam Ward without a rebound.
6:52 of 3rd period - Frans Nielsen wins face-off versus Jordan Nolan in Flyers zone.
7:01 of 3rd period - Snap shot by Steve Downie.
7:01 of 3rd period - Stopped by Cam Ward with a rebound.
7:03 of 3rd period - Wrist shot by Greg Stewart.
7:03 of 3rd period - Shot Misses the Net.
7:05 of 3rd period - Slapshot by Colton Parayko.
7:05 of 3rd period - Shot Blocked by Matt Smaby.
7:07 of 3rd period - Wrist shot by Steve Downie.
7:07 of 3rd period - Stopped by Cam Ward with a rebound.
7:09 of 3rd period - Slapshot by Colton Parayko.
7:09 of 3rd period - Stopped by Cam Ward without a rebound.
7:10 of 3rd period - Henrik Sedin wins face-off versus Jeff Carter in Flyers zone.
7:13 of 3rd period - Snap shot by Henrik Sedin.
7:13 of 3rd period - Stopped by Cam Ward with a rebound.
7:18 of 3rd period - Minor Penalty to Matt Smaby for Charging.
7:19 of 3rd period - Jeff Carter wins face-off versus Henrik Sedin in Flyers zone.
7:19 of 3rd period - Jeff Carter is hit by Henrik Sedin.
7:42 of 3rd period - Oliver Ekman-Larsson is hit by Corey Perry and loses puck.
8:24 of 3rd period - Minor Penalty to Drew Miller for Tripping.
8:25 of 3rd period - Frans Nielsen wins face-off versus Jeff Carter in Flyers zone.
8:25 of 3rd period - Snap shot by Greg Stewart.
8:25 of 3rd period - Shot Blocked by Jonathan Ericsson.
9:18 of 3rd period - Penalty to Matt Smaby is over, Matt Smaby is back on ice.
9:22 of 3rd period - Snap shot by Jordan Nolan.
9:22 of 3rd period - Goal by Jordan Nolan - Canadiens : 1 - Flyers : 5.
9:23 of 3rd period - Jeff Carter wins face-off versus Frans Nielsen in neutral zone.
9:55 of 3rd period - Slapshot by Raphael Diaz.
9:55 of 3rd period - Stopped by Cam Ward without a rebound.
9:56 of 3rd period - Henrik Sedin wins face-off versus Jakub Voracek in Flyers zone.
10:24 of 3rd period - Penalty to Drew Miller is over, Drew Miller is back on ice.
11:06 of 3rd period - Slapshot by Matt Smaby.
11:06 of 3rd period - Shot Misses the Net.
11:08 of 3rd period - Snap shot by Marcus Kruger.
11:08 of 3rd period - Stopped by Allen York with a rebound.
11:10 of 3rd period - Slapshot by Oliver Ekman-Larsson.
11:10 of 3rd period - Shot Blocked by Mark Stuart.
11:12 of 3rd period - Slapshot by Matt Smaby.
11:12 of 3rd period - Stopped by Allen York with a rebound.
11:14 of 3rd period - Slapshot by Matt Smaby.
11:14 of 3rd period - Stopped by Allen York with a rebound.
11:16 of 3rd period - Slapshot by Mats Zuccarello.
11:16 of 3rd period - Stopped by Allen York with a rebound.
11:18 of 3rd period - Slapshot by Matt Smaby.
11:18 of 3rd period - Goal by Matt Smaby - Canadiens : 1 - Flyers : 6.
11:19 of 3rd period - Henrik Sedin wins face-off versus Chris Mcallister in neutral zone.
11:56 of 3rd period - Brian Lashoff and Henrik Sedin fight to a draw.
11:56 of 3rd period - Penalty to Brian Lashoff for Fighting.
11:56 of 3rd period - Penalty to Henrik Sedin for Fighting.
11:57 of 3rd period - Jordan Nolan wins face-off versus Dustin Boyd in Flyers zone.
12:50 of 3rd period - Snap shot by Marcus Kruger.
12:50 of 3rd period - Shot Misses the Net.
12:52 of 3rd period - Slapshot by Matt Smaby.
12:52 of 3rd period - Stopped by Allen York with a rebound.
12:54 of 3rd period - Snap shot by Mats Zuccarello.
12:54 of 3rd period - Shot Misses the Net.
13:19 of 3rd period - Wrist shot by Brett Maclean.
13:19 of 3rd period - Stopped by Cam Ward without a rebound.
13:20 of 3rd period - Dustin Boyd wins face-off versus Jordan Nolan in Flyers zone.
14:10 of 3rd period - Nikolai Zherdev is hit by Chris Mcallister and loses puck.
14:29 of 3rd period - Matt Smaby is hit by Colton Parayko and loses puck.
14:36 of 3rd period - Snap shot by Pierre-Marc Bouchard.
14:36 of 3rd period - Deflect By Matt Smaby.
14:36 of 3rd period - Stopped by Cam Ward with a rebound.
14:38 of 3rd period - Slapshot by Vitaly Vishnevsky.
14:38 of 3rd period - Deflect By Pierre-Marc Bouchard.
14:38 of 3rd period - Shot Misses the Net.
14:38 of 3rd period - Puck is out of play.
14:39 of 3rd period - Jeff Carter wins face-off versus Dustin Boyd in Flyers zone.
15:30 of 3rd period - Snap shot by Pierre-Marc Bouchard.
15:30 of 3rd period - Shot Misses the Net.
15:32 of 3rd period - Slapshot by Vitaly Vishnevsky.
15:32 of 3rd period - Shot Blocked by Matt Smaby.
15:34 of 3rd period - Slapshot by Brett Maclean.
15:34 of 3rd period - Stopped by Cam Ward with a rebound.
15:36 of 3rd period - Slapshot by Shaone Morrisonn.
15:36 of 3rd period - Deflect By Pierre-Marc Bouchard.
15:36 of 3rd period - Stopped by Cam Ward without a rebound.
15:37 of 3rd period - Jeff Carter wins face-off versus Dustin Boyd in Flyers zone.
15:37 of 3rd period - Jeff Carter is hit by Benoit Pouliot.
16:08 of 3rd period - Slapshot by Matt Smaby.
16:08 of 3rd period - Stopped by Allen York without a rebound.
16:09 of 3rd period - Jordan Nolan wins face-off versus Dustin Boyd in Canadiens zone.
16:12 of 3rd period - Snap shot by J.T. Miller.
16:12 of 3rd period - Stopped by Allen York without a rebound.
16:13 of 3rd period - Dustin Boyd wins face-off versus Jordan Nolan in Canadiens zone.
16:33 of 3rd period - Jordan Nolan is hit by Dustin Boyd and loses puck.
16:51 of 3rd period - Minor Penalty to Dustin Boyd for Boarding.
16:52 of 3rd period - Benoit Pouliot wins face-off versus Jeff Carter in Canadiens zone.
16:56 of 3rd period - Penalty to Henrik Sedin is over, Henrik Sedin is back on ice.
17:03 of 3rd period - Mark Stuart is hit by Jeff Carter and loses puck.
17:24 of 3rd period - Colton Parayko is hit by Jordan Nolan and loses puck.
17:49 of 3rd period - Jeff Carter is hit by Colton Parayko and loses puck.
18:51 of 3rd period - Penalty to Dustin Boyd is over, Dustin Boyd is back on ice.
18:52 of 3rd period - Mark Stuart is hit by Jordan Nolan and loses puck.
19:26 of 3rd period - Mark Stuart is hit by Brian Lashoff and loses puck.
19:52 of 3rd period - Minor Penalty to Frans Nielsen for Roughing.
19:53 of 3rd period - Jeff Carter wins face-off versus Benoit Pouliot in Canadiens zone.
Goals for this period are 0 for Canadiens vs 3 for Flyers.
Shots for this period are 18 for Canadiens vs 14 for Flyers.